 Dungeon Crawl Stone Soup version 0.30.1-1-g62c8e00024 (webtiles) character file.

Game seed: 5143722957947358194

24587 Staticcus the Cleaver (level 12, -1/97 HPs)
             Began as a Demonspawn Gladiator on July 15, 2023.
             Was an Elder of Nemelex Xobeh.
             Slain by a death yak (5 damage)
             ... on level 4 of the Lair of Beasts.
             The game lasted 01:01:33 (10049 turns).

Staticcus the Cleaver (Demonspawn Gladiator)       Turns: 10049, Time: 01:01:33

Health: -1/97      AC: 21    Str: 19    XL:     12   Next: 82%
Magic:  12/12      EV:  8    Int: 12    God:    Nemelex Xobeh [****..]
Gold:   691        SH:  0    Dex: 15    Spells: 11/11 levels left

rFire   + . .        o - +3 hand axe
rCold   x . .        (no shield)
rNeg    . . .        f - +2 plate armour {rPois}
rPois   +            N - +2 hat of the First Snow {Str+2}
rElec   .            (no cloak)
rCorr   .            (gloves unavailable)
SInv    .            (no boots)
Will    .....        j - amulet of regeneration Stlth
                     l - ring of fire
HPRegen 1.16/turn    (no ring)
MPRegen 0.26/turn

%: no passive effects
@: no status effects
A: claws 3, yellow scales 1, spiny 2, magic regeneration
a: Renounce Religion, Draw Escape, Draw Destruction, Draw Summoning, Triple
Draw, Deal Four


You were on level 4 of the Lair of Beasts.
You worshipped Nemelex Xobeh.
Nemelex Xobeh was greatly pleased with you.
You visited 2 branches of the dungeon, and saw 12 of its levels.

You collected 788 gold pieces.
You spent 97 gold pieces at shops.

Inventory:

Hand Weapons
 a - a +0 rapier
 m - a +0 vampiric rapier
 o - a +3 hand axe (weapon)
 y - a +4 battleaxe
 H - a +5 battleaxe
Missiles
 d - 5 throwing nets (quivered)
 e - 6 javelins
Armour
 b - a +0 leather armour
 c - a +0 helmet
 f - a +2 plate armour of poison resistance (worn)
 q - a +1 leather armour of poison resistance
 D - a +2 scale mail of fire resistance
 G - a +0 pair of gloves
 N - the +2 hat of the First Snow (worn) {Str+2}
   (You found it on level 4 of the Lair of Beasts)

   Str:       It affects your strength (+2).
Magical Staves
 I - a staff of fire
Jewellery
 j - an amulet of regeneration (around neck)
 l - a ring of fire (left claw)
 x - an amulet of guardian spirit
 M - a ring of protection from fire
Wands
 h - a wand of iceblast (11)
 p - a wand of charming (16)
 r - a wand of polymorph (8)
 u - a wand of acid (28)
 z - a wand of flame (16)
Scrolls
 g - a scroll of vulnerability
 i - a scroll of noise
 k - a scroll of silence
 t - a scroll of fear
 v - 5 scrolls of teleportation
 w - 3 scrolls of immolation
 A - a scroll of amnesia
 B - 6 scrolls of identify
 J - a scroll of fog
 K - a scroll of magic mapping
 L - a scroll of summoning
Potions
 n - a potion of ambrosia
 s - a potion of haste
 C - a potion of degeneration
 E - a potion of flight
 F - a potion of mutation


   Skills:
 + Level 10.3 Fighting
 + Level 5.7 Short Blades
 + Level 12.1 Axes
 + Level 2.4 Throwing
 + Level 11.6 Armour
 + Level 3.5 Dodging
 + Level 1.3 Stealth
 + Level 1.0 Invocations
 + Level 1.7 Evocations


You had 11 spell levels left.
You didn't know any spells.
Your spell library contained the following spells:

 Spells                   Type           Power      Damage    Failure   Level
 Summon Small Mammal      Summ           0%         N/A       99%         1
 Cigotuvi's Dreadful Rot  Necr/Pois/Air  0%         N/A       100%        2
 Call Canine Familiar     Summ           0%         N/A       100%        3
 Gell's Gravitas          Tloc           0%         N/A       100%        3
 Ignite Poison            Fire/Tmut/Pois 0%         N/A       100%        3
 Summon Guardian Golem    Hex/Summ       0%         N/A       100%        3
 Teleport Other           Tloc           0%         N/A       100%        3
 Vhi's Electric Charge    Tloc/Air       0%         N/A       100%        3
 Arcjolt                  Conj/Air       0%         1d10      100%        5
 Freezing Cloud           Conj/Ice/Air   0%         6-21      100%        5
 Dispersal                Tloc           0%         N/A       100%        6
 Plasma Beam              Fire/Air       0%         2x1d11    100%        6
 Orb of Destruction       Conj           0%         9d5       100%        7
 Spellforged Servitor     Conj/Summ      0%         N/A       100%        7


Dungeon Overview and Level Annotations

Branches:
Dungeon (8/15)             Temple (0/1) D:4            Lair (4/5) D:8
  Swamp (0/4) Lair:2        Snake (0/4) Lair:3
  Slime: Lair:4-5

Altars:
Ashenzari
Cheibriados
Dithmenos
Makhleb
Nemelex Xobeh
Qazlal
Trog
Uskayaw
Vehumet

Shops:
D:2 *   D:3 *   D:8 (

Annotations:
Lair:1 2 transporters, Norrock's ghost, journeyman GnAr


Innate Abilities, Weirdness & Mutations

You have claws for hands.
You are partially covered in yellow scales. (AC +2)
You are mostly covered in sharp spines.
You regenerate magic rapidly.


Message History

The iceblast engulfs you!
You feel a painful chill!
The iceblast engulfs the rime drake!
The rime drake partially resists.
The rime drake is heavily wounded.
The iceblast engulfs the death yak.
The death yak is lightly wounded.
The death yak bellows!
Aiming: Charm
Press: ? - help, Q - select action, (/) - cycle Shift-Dir - straight line, f - death yak, p - rime drake
Aim: a death yak (moderately wounded, chance to affect: 2%)
The death yak resists with almost no effort.
The death yak is struck by your spines.
The death yak gores you but does no damage.
The death yak gores you.
* * * LOW HITPOINT WARNING * * *
You draw a card...
You have drawn the Illusion.
Suddenly you stand beside yourself.
The death yak gores you but does no damage.
You draw a card...
You have drawn Pain.
Press: ? - help, Shift-Dir - straight line, f - death yak, p - death yak
Aim: a death yak The death yak resists with significant effort.
The death yak is struck by your spines.
The death yak gores you but does no damage.
The death yak is struck by your spines.
The death yak gores you but does no damage.
You draw a card...
You have drawn Velocity.
The rime drake seems to slow down.
The death yak seems to slow down.
A water moccasin comes into view.
The death yak gores you!
* * * LOW HITPOINT WARNING * * *
The death yak is struck by your spines. The death yak gores you!
* * * LOW HITPOINT WARNING * * *
Staticcus's illusion hits the death yak!
You draw a card...
You have drawn the Tomb.
Walls emerge from the floor!
The death yak gores you but does no damage. x2
The death yak gores you.
You die...
Your body glows slightly and disappears.

#..## .....#
......## PP....#
#....## ## #
#..P##.#P####
#..#Y#......
###P.#@YYk.S.#
###....@Y#.....#
#........Y#.....
##......##......
#.....## ......
###....# .).<.
#.....## .....
##....# ...
##...#


You could see 5 death yaks, a rime drake (slow), a water moccasin and the
friendly Staticcus's illusion (summoned).

Vanquished Creatures
  A hydra (Lair:2)
  A catoblepas (Lair:4)
  Erica (Lair:2)
  An elephant (Lair:3)
  A black mamba (Lair:3)
  4 cane toads
  A guardian serpent (Lair:3)
  3 rime drakes
  4 komodo dragons
  A yaktaur (Lair:3)
  A kobold demonologist (D:7)
  A polar bear (Lair:4)
  5 blink frogs (Lair:3)
  A tarantella (Lair:3)
  A spriggan (Lair:4)
  30 yaks
  4 wyverns
  A wyvern (shapeshifter) (Lair:3)
  Eustachio (D:4)
  3 basilisks
  A hog (Lair:4)
  2 steam dragons (D:6)
  2 nagas (Lair:3)
  6 water moccasins
  2 ice beasts
  2 orc warriors
  6 black bears
  3 ogres
  3 wolves (Lair:3)
  2 centaurs
  Blork the orc (D:5)
  9 bullfrogs
  4 scorpions
  2 gnoll sergeants (D:6)
  12 wights
  3 killer bees (D:8)
  2 howler monkeys (D:5)
  4 hounds
  2 jellies
  A gnoll bouda (D:6)
  5 orc priests
  A sleepcap (D:7)
  Ijyb (D:4)
  2 iguanas
  6 orc wizards
  Robin (D:4)
  12 gnolls
  6 adders
  3 ufetubi
  3 worms (D:2)
  3 dart slugs
  25 orcs
  4 ball pythons
  5 endoplasms
  2 giant cockroaches
  10 hobgoblins
  7 jackals
  5 quokkas
  9 bats
  5 frilled lizards
  14 goblins
  4 kobolds
  2 rats (D:2)
270 creatures vanquished.

Vanquished Creatures (collateral kills)
  A hydra (Lair:4)
  5 death yaks (D:8)
  Maggie (D:7)
  A cane toad (Lair:4)
  A blink frog (Lair:3)
  A wyvern (Lair:3)
  8 yaks
  A water moccasin (Lair:3)
  A wolf (Lair:3)
  A kobold brigand (D:7)
  A bullfrog (Lair:3)
  2 orc priests (D:7)
  A jelly (D:7)
  5 orcs (D:7)
  2 kobolds (D:7)
32 creatures vanquished.

Vanquished Creatures (others)
  A yak (Lair:4)
  An orc wizard (D:8)
2 creatures vanquished.

Grand Total: 304 creatures vanquished

Notes
Turn   | Place    | Note
-------+----------+-------------------------------------------
     0 | D:1      | Staticcus the Demonspawn Gladiator began the quest for the
                  | Orb.
     0 | D:1      | Reached XP level 1. HP: 16/16 MP: 1/1
   135 | D:1      | Gained mutation: You are partially covered in yellow
                  | scales. (AC +2) [demonic ancestry]
   135 | D:1      | Reached XP level 2. HP: 22/22 MP: 2/2
   695 | D:1      | Gained mutation: You have sharp fingernails. [demonic
                  | ancestry]
   695 | D:1      | Reached XP level 3. HP: 26/27 MP: 3/3
  1309 | D:2      | Found Sorileic's Assorted Antiques.
  1343 | D:2      | Bought a scroll labelled AFEHAOHEXYG for 23 gold pieces
  1343 | D:2      | Bought a scroll labelled GUSUPRUHIX for 23 gold pieces
  1343 | D:2      | Bought a scroll labelled GUSUPRUHIX for 23 gold pieces
  1561 | D:2      | Gained mutation: You are partially covered in sharp spines.
                  | [demonic ancestry]
  1561 | D:2      | Reached XP level 4. HP: 28/33 MP: 4/4
  1677 | D:3      | Reached skill level 1 in Armour
  1808 | D:3      | Found Husiuhar's General Store.
  1820 | D:3      | Bought a scroll of identify for 28 gold pieces
  1934 | D:3      | Found a faded altar of an unknown god.
  1971 | D:3      | Prayed at the altar of an unknown god.
  1971 | D:3      | Became a worshipper of Nemelex Xobeh the Trickster
  1971 | D:3      | Reached * piety under Nemelex Xobeh
  2246 | D:4      | Found a radiant altar of Vehumet.
  2251 | D:4      | Found a hide-covered altar of Uskayaw.
  2288 | D:4      | Received a gift from Nemelex Xobeh
  2329 | D:4      | Noticed Ijyb
  2330 | D:4      | Noticed Robin
  2342 | D:4      | Killed Robin
  2359 | D:4      | Killed Ijyb
  2360 | D:4      | Reached XP level 5. HP: 38/38 MP: 5/5
  2431 | D:4      | Found a staircase to the Ecumenical Temple.
  2499 | D:4      | Noticed an ogre
  2506 | D:4      | Killed an ogre
  2507 | D:4      | Reached skill level 5 in Short Blades
  2542 | D:4      | Noticed Eustachio
  2543 | D:4      | Reached XP level 6. HP: 44/46 MP: 6/6
  2543 | D:4      | Found a snail-covered altar of Cheibriados.
  2559 | D:4      | Reached skill level 1 in Axes
  2568 | D:4      | Killed Eustachio
  2688 | D:4      | Reached XP level 7. HP: 52/52 MP: 7/7
  2835 | D:4      | Reached ** piety under Nemelex Xobeh
  3189 | D:5      | Entered Level 5 of the Dungeon
  3204 | D:5      | Reached skill level 2 in Axes
  3222 | D:5      | Reached skill level 3 in Axes
  3240 | D:5      | Noticed Blork the orc
  3250 | D:5      | Killed Blork the orc
  3403 | D:5      | Received a gift from Nemelex Xobeh
  3562 | D:5      | Found a stormy altar of Qazlal.
  3569 | D:5      | Found a shadowy altar of Dithmenos.
  3693 | D:5      | Reached skill level 4 in Axes
  3693 | D:5      | Gained mutation: You have very sharp fingernails. [demonic
                  | ancestry]
  3693 | D:5      | Reached XP level 8. HP: 53/60 MP: 8/8
  3817 | D:6      | Reached skill level 5 in Axes
  3974 | D:6      | Reached skill level 5 in Fighting
  3989 | D:6      | Received a gift from Nemelex Xobeh
  4096 | D:6      | Reached skill level 6 in Axes
  4106 | D:6      | Gained mutation: You regenerate magic rapidly. [demonic
                  | ancestry]
  4106 | D:6      | Reached XP level 9. HP: 41/68 MP: 9/9
  4364 | D:6      | Found a burning altar of Makhleb.
  4601 | D:7      | Reached skill level 5 in Armour
  4679 | D:7      | Noticed Maggie
  4697 | D:7      | Killed Maggie
  4698 | D:7      | Reached skill level 7 in Axes
  4755 | D:7      | Identified the +6 whip of the Unliving {flame, Will+ SInv}
  4891 | D:7      | Reached *** piety under Nemelex Xobeh
  4950 | D:7      | Found a bloodstained altar of Trog.
  5248 | D:7      | Noticed a kobold demonologist
  5250 | D:7      | Noticed a sixfirhy
  5255 | D:7      | Killed a kobold demonologist
  5595 | D:8      | Found Pylaxzif's Antique Weapon Boutique.
  5629 | D:8      | Found a broken altar of Ashenzari.
  5762 | D:8      | Reached XP level 10. HP: 74/77 MP: 10/10
  5799 | D:8      | Reached skill level 8 in Axes
  5805 | D:8      | Noticed a death yak
  5805 | D:8      | Noticed a death yak
  5809 | D:8      | Noticed a death yak
  5811 | D:8      | Noticed a death yak
  5813 | D:8      | Noticed a death yak
  5820 | D:8      | Killed a death yak
  5827 | D:8      | Killed a death yak
  5829 | D:8      | Killed a death yak
  5830 | D:8      | Reached skill level 9 in Axes
  5833 | D:8      | Killed a death yak
  6243 | D:8      | Gained mutation: You have claws for hands. [demonic
                  | ancestry]
  6243 | D:8      | Reached XP level 11. HP: 85/85 MP: 11/11
  6250 | D:8      | Killed a death yak
  6254 | D:8      | Reached skill level 10 in Axes
  6304 | D:8      | Found a staircase to the Lair.
  6573 | Lair:1   | Entered Level 1 of the Lair of Beasts
  6838 | Lair:1   | Noticed Norrock's ghost (journeyman GnAr)
  6910 | Lair:1   | Found a transporter.
  6911 | Lair:1   | Received a gift from Nemelex Xobeh
  6926 | Lair:1   | Found a transporter.
  7222 | Lair:1   | Reached **** piety under Nemelex Xobeh
  7743 | Lair:2   | Noticed a six-headed hydra
  7751 | Lair:2   | Reached skill level 11 in Axes
  7758 | Lair:2   | Killed a seven-headed hydra
  7759 | Lair:2   | Reached skill level 1 in Stealth
  7868 | Lair:2   | Noticed Erica
  7886 | Lair:2   | Killed Erica
  7969 | Lair:2   | Received a gift from Nemelex Xobeh
  8097 | Lair:2   | Found a staircase to the Swamp.
  8230 | Lair:2   | Gained mutation: You are mostly covered in sharp spines.
                  | [demonic ancestry]
  8230 | Lair:2   | Reached XP level 12. HP: 72/95 MP: 12/12
  8597 | Lair:3   | Received a gift from Nemelex Xobeh
  8626 | Lair:3   | Reached skill level 10 in Armour
  8989 | Lair:3   | Reached skill level 12 in Axes
  8996 | Lair:3   | Found a staircase to the Snake Pit.
  9190 | Lair:3   | Reached ***** piety under Nemelex Xobeh
  9202 | Lair:3   | Received a gift from Nemelex Xobeh
  9554 | Lair:4   | Noticed an eight-headed hydra
  9567 | Lair:4   | Killed a ten-headed hydra
  9568 | Lair:4   | Reached skill level 10 in Fighting
  9718 | Lair:4   | Identified the +2 hat of the First Snow {Str+2}
  9868 | Lair:4   | Noticed a catoblepas
  9886 | Lair:4   | Reached skill level 1 in Invocations
  9904 | Lair:4   | Reached skill level 1 in Evocations
  9947 | Lair:4   | Killed a catoblepas
 10007 | Lair:4   | Received a gift from Nemelex Xobeh
 10032 | Lair:4   | Noticed a death yak
 10037 | Lair:4   | Noticed a death yak
 10039 | Lair:4   | Noticed a death yak
 10041 | Lair:4   | Noticed a death yak
 10043 | Lair:4   | Noticed a death yak
 10048 | Lair:4   | HP: 3/97 [death yak (17)]
 10049 | Lair:4   | Slain by a death yak

Illustrated notes

Levels and vault maps discovered:
D:1:      mrwooster_arrival_statue_2, layout_basic
D:2:      layout_loops_ring, serial_shops, nicolae_shop_tiny_waterfront
D:3:      layout_loops_cross, serial_shops, shop, ebering_ecumenical_altar_rust
D:4:      layout_basic, nicolae_uskayaw_murder_on_the_dancefloor,
          kennysheep_mini_moat, overflow_temple_1_default,
          minmay_temple_entry_wispy, nicolae_goblin_pals, uniq_eustachio
D:5:      layout_rooms, minmay_overflow_temple_star_quad,
          minmay_a_box_with_orc_wizards_in_it, uniq_blork_the_orc
D:6:      layout_basic, kennysheep_mini, nicolae_grassy_gnolls
D:7:      layout_layer_cave, trog_book, uniq_maggie
D:8:      layout_basic, mainiacjoe_overflow_catwalk, dpeg_lair_monsters,
          serial_shops, shop
Lair:1:   layout_long_grid, gammafunk_ghost_arena
Lair:2:   layout_gridlike, swamp_mist_pool, grunt_megastairs_3, uniq_erica
Lair:3:   layout_chaotic_city, guppyfry_snake_entry_island
Lair:4:   layout_cave_pods, hellmonk_guarded_unrand_vines

Skill      XL: |  1  2  3  4  5  6  7  8  9 10 11 12 |
---------------+-------------------------------------+-----
Short Blades   | 3 4 5 |  5.7
Armour         | 1 2 3 4 6 8 9 11 | 11.6
Axes           | 1 4 6 7 9 11 12 | 12.1
Fighting       | 3 4 5 6 7 9 10 | 10.3
Dodging        | 3 |  3.5
Throwing       | 2 |  2.4
Stealth        | 1 |  1.3
Invocations    | 1 |  1.0
Evocations     | 1 |  1.7

Action                     |  1- 3 |  4- 6 |  7- 9 | 10-12 || total
---------------------------+-------+-------+-------+-------++-------
  Melee: Rapier            |   182 |    33 |       |       ||   215
         Punch             |     1 |     4 |     9 |    11 ||    25
         Hand axe          |       |    67 |   290 |   454 ||   811
  Throw: Javelin           |       |       |       |     1 ||     1
         Throwing net      |       |       |       |     1 ||     1
 Invoke: Draw Destruction  |       |     2 |     6 |    24 ||    32
         Draw Summoning    |       |     1 |     2 |    13 ||    16
         Draw Escape       |       |       |       |    14 ||    14
         Triple Draw       |       |       |       |     1 ||     1
  Evoke: Wand              |       |       |     1 |     6 ||     7
    Use: Potion            |     3 |     7 |     4 |     3 ||    17
         Scroll            |       |     5 |     7 |     8 ||    20
   Stab: Distracted        |       |       |       |     2 ||     2
         Petrified         |       |       |       |     5 ||     5
         Petrifying        |       |       |       |     1 ||     1
 Armour: Plate armour      |   144 |    91 |   225 |   358 ||   818
  Dodge: Dodged            |    54 |    28 |   104 |   163 ||   349
